 Dungeon Crawl Stone Soup version 0.30-a0-627-gc11e7ae810 (webtiles) character file.

Game seed: 6006701960760490474

399 Citaku the Covered (level 6, -6/56 HPs)
             Began as a Minotaur Fighter on Jan 12, 2023.
             Mangled by crabbyslav's ghost (10 damage)
             ... on level 5 of the Dungeon.
             The game lasted 00:04:34 (3392 turns).

Citaku the Covered (Minotaur Fighter)               Turns: 3392, Time: 00:04:35

Health: -6/56      AC:  7    Str: 22    XL:     6   Next: 53%
Magic:  5/5        EV:  9    Int:  5    God:
Gold:   164        SH:  4    Dex: 10    Spells: 5/5 levels left

rFire   . . .      SeeInvis .    a - +0 war axe
rCold   . . .      Faith    .    c - +0 buckler
rNeg    + . .      Spirit   .    b - +0 scale mail
rPois   +          Reflect  .    (helmet restricted)
rElec   .          Harm     .    (no cloak)
rCorr   .          Rampage  .    (no gloves)
Will    .....                    (no boots) Stlth
                                 (no amulet)
HPRegen 0.29/turn                j - ring of positive energy
MPRegen 0.09/turn                n - ring of poison resistance

@: no status effects
A: horns 2, retaliatory headbutt
a: no special abilities


You were on level 5 of the Dungeon.
You visited 1 branch of the dungeon, and saw 5 of its levels.

You collected 164 gold pieces.

Inventory:

Hand Weapons
 a - a +0 war axe (weapon)
Armour
 b - a +0 scale mail (worn)
 c - a +0 buckler (worn)
Jewellery
 j - a ring of positive energy (left hand)
 n - a ring of poison resistance (right hand)
Wands
 p - a wand of flame (37)
Scrolls
 f - a scroll of magic mapping {unknown}
 h - 2 scrolls of identify {unknown}
 i - 2 scrolls of immolation {unknown}
 l - a scroll of fog {unknown}
 m - 4 scrolls of enchant armour {unknown}
 q - a scroll of brand weapon {unknown}
 r - a scroll of blinking {unknown}
 s - a scroll of vulnerability {unknown}
Potions
 d - a potion of might
 e - a potion of cancellation {unknown}
 g - 2 potions of curing {unknown}
 k - 2 potions of attraction {unknown}
 o - a potion of brilliance {unknown}


   Skills:
 + Level 5.1 Fighting
 * Level 5.6 Axes
 * Level 6.3 Armour
 - Level 3.6 Shields


You had 5 spell levels left.
You didn't know any spells.
Your spell library was empty.

Dungeon Overview and Level Annotations

Branches:
Dungeon (5/15)
 Temple: D:4-7

Altars:
Ashenzari
Elyvilon
Ru
Trog

Annotations:
D:5 crabbyslav's ghost, novice DsGl


Innate Abilities, Weirdness & Mutations

You have a pair of horns on your head.
You reflexively headbutt those who attack you in melee.


Message History

Crabbyslav's ghost hits you but does no damage.
You barely miss crabbyslav's ghost.
Crabbyslav's ghost is lightly damaged.
Crabbyslav's ghost hits you!
You slash crabbyslav's ghost!
Crabbyslav's ghost is moderately damaged.
You block crabbyslav's ghost's attack.
You closely miss crabbyslav's ghost.
Crabbyslav's ghost is moderately damaged.
Crabbyslav's ghost hits you. Crabbyslav's ghost hits you!
You barely miss crabbyslav's ghost.
Crabbyslav's ghost is moderately damaged.
You block crabbyslav's ghost's attack.
You hit crabbyslav's ghost. You headbutt crabbyslav's ghost!
Crabbyslav's ghost is heavily damaged.
Crabbyslav's ghost hits you.
Okay, then.
You closely miss crabbyslav's ghost.
You headbutt crabbyslav's ghost, but do no damage.
Crabbyslav's ghost is heavily damaged.
Crabbyslav's ghost barely misses you. Crabbyslav's ghost hits you!
* * * LOW HITPOINT WARNING * * *
You barely miss crabbyslav's ghost.
Crabbyslav's ghost is heavily damaged.
Crabbyslav's ghost screams, "You will never get the ORB!"
Crabbyslav's ghost hits you!
* * * LOW HITPOINT WARNING * * *
You hit crabbyslav's ghost but do no damage.
Crabbyslav's ghost is heavily damaged.
Crabbyslav's ghost whispers, "Death is liberation."
Crabbyslav's ghost hits you.
* * * LOW HITPOINT WARNING * * *
You barely miss crabbyslav's ghost.
Crabbyslav's ghost is heavily damaged.
Crabbyslav's ghost misses you. Crabbyslav's ghost barely misses you.
You furiously retaliate!
You headbutt crabbyslav's ghost. You hit crabbyslav's ghost.
You headbutt crabbyslav's ghost!
Crabbyslav's ghost is severely damaged.
Crabbyslav's ghost hits you!
You die...

#...# ###.#
#.# #.# #.#
#.#
#.##########
#....#.....#
#...@W~~~~$#
#.#..#.....#
#....#######
#...##
#.###.######.#
#. #........#
#.###.########
##...## ##.##


You could see crabbyslav's ghost.

Vanquished Creatures
  An ice beast (D:5)
  A black bear (D:4)
  A hound (D:3)
  An iguana (D:5)
  An orc wizard (D:5)
  3 gnolls (D:3)
  3 adders
  A worm (D:2)
  3 dart slugs
  7 orcs
  7 endoplasms
  5 giant cockroaches
  8 goblins
  2 hobgoblins
  4 jackals (D:4)
  8 kobolds
  3 quokkas
  7 ball pythons
  4 bats
  5 frilled lizards
  6 rats
81 creatures vanquished.

Vanquished Creatures (others)
  A wizard (D:4)
1 creature vanquished.

Grand Total: 82 creatures vanquished

Notes
Turn   | Place    | Note
-------+----------+-------------------------------------------
     0 | D:1      | Citaku the Minotaur Fighter began the quest for the Orb.
     0 | D:1      | Reached XP level 1. HP: 19/19 MP: 0/0
   230 | D:1      | Reached XP level 2. HP: 27/27 MP: 1/1
   279 | D:1      | Reached skill level 4 in Armour
   994 | D:2      | Reached XP level 3. HP: 31/33 MP: 2/2
  1408 | D:2      | Found a faded altar of an unknown god.
  1545 | D:3      | Found a broken altar of Ashenzari.
  1770 | D:3      | Reached XP level 4. HP: 35/41 MP: 3/3
  1838 | D:3      | Found a sacrificial altar of Ru.
  1931 | D:3      | Reached skill level 5 in Armour
  2242 | D:4      | Reached XP level 5. HP: 43/47 MP: 4/4
  2579 | D:4      | Noticed a black bear
  2586 | D:4      | Killed a black bear
  2587 | D:4      | Reached skill level 5 in Axes
  2757 | D:4      | Found a bloodstained altar of Trog.
  2759 | D:4      | Noticed a wizard
  2764 | D:4      | Killed a wizard
  3000 | D:5      | Entered Level 5 of the Dungeon
  3022 | D:5      | Reached XP level 6. HP: 24/55 MP: 5/5
  3138 | D:5      | Noticed an ice beast
  3146 | D:5      | Reached skill level 6 in Armour
  3153 | D:5      | Killed an ice beast
  3154 | D:5      | Reached skill level 5 in Fighting
  3250 | D:5      | Found a white marble altar of Elyvilon.
  3303 | D:5      | Found a runed translucent door.
  3304 | D:5      | Noticed crabbyslav's ghost (novice DsGl)
  3392 | D:5      | Mangled by crabbyslav's ghost

Illustrated notes

Levels and vault maps discovered:
D:1:      dpeg_arrival_tiny_g, layout_loops_corners
D:2:      layout_basic, hellmonk_ecumenical_altar_pennies_from_heaven
D:3:      layout_loops_ring, mainiacjoe_overflow_boulevard,
          mainiacjoe_overflow_catwalk, st_stairs_13
D:4:      layout_gridville, trog_wizard, st_stairs_5
D:5:      layout_loops_ring, elyvilon_altar_3,
          lemuel_mausoleum_altar_kikubaaqudgha, ebering_ghost_reflecting_pool,
          serial_shops, nicolae_shop_trees, shop

Skill      XL: |  1  2  3  4  5  6 |
---------------+-------------------+-----
Armour         | 4 5 6 |  6.3
Axes           | 3 4 5 |  5.6
Fighting       | 4 5 |  5.1
Shields        | |  3.6

Action                   |  1- 3 |  4- 6 || total
-------------------------+-------+-------++-------
Melee: War axe           |   102 |    87 ||   189
       Headbutt          |    13 |    17 ||    30
Armor: Scale mail        |    54 |    53 ||   107
Dodge: Dodged            |    53 |    48 ||   101
Block: Buckler           |    28 |    18 ||    46

Table legend: (Time is in decaauts)
 A = Elapsed time spent in this place.
 B = Non-inter-level travel time spent in this place.
 C = Inter-level travel time spent in this place.
 D = Time resting spent in this place.
 E = Time spent auto-exploring this place.
 F = Levels seen in this place.
 G = Mean time per level.
                   A        B        C        D        E       F      G
               +--------+--------+--------+--------+--------+-----+--------+
         Total |   3457 |   3358 |     99 |      0 |   2638 |   5 |  691.4 |
       Dungeon |   3457 |   3358 |     99 |      0 |   2638 |   5 |  691.4 |
               +--------+--------+--------+--------+--------+-----+--------+

Top non-repeatable levels by time:
     D:1: 906 daAuts
     D:4: 831 daAuts
     D:3: 716 daAuts
     D:2: 600 daAuts
     D:5: 403 daAuts
